 Dungeon Crawl Stone Soup version 0.29.1-15-g9cfb28693d (webtiles) character file.

Game seed: 9253838028997400420

123 Datul the Slasher (level 5, -13/41 HPs)
             Began as a Barachi Abyssal Knight on June 26, 2023.
             Was an Elder of Lugonu.
             Mangled by an ogre
             ... wielding a +0 giant club
              (27 damage)
             ... on level 4 of the Dungeon.
             The game lasted 00:07:34 (3107 turns).

Datul the Slasher (Barachi Abyssal Knight)          Turns: 3107, Time: 00:07:35

Health: -13/41     AC:  4    Str: 14    XL:     5   Next: 7%
Magic:  7/7        EV: 11    Int: 10    God:    Lugonu [****..]
Gold:   117        SH:  0    Dex: 15    Spells: 4/4 levels left

rFire   . . .      SeeInvis .   a - +1 falchion
rCold   . . .      Faith    .   (no shield)
rNeg    . . .      Spirit   .   b - +0 leather armour
rPois   .          Reflect  .   o - +0 helmet
rElec   .          Harm     .   (no cloak)
rCorr   .          Rampage  .   (no gloves)
Will    .....                   (no boots)
Stlth   +.........              (no amulet)
HPRegen 0.13/turn               (no ring)
MPRegen 0.10/turn               (no ring)

@: slow
A: amphibious, slowness 1, strong legs 1, +LOS
a: Hop, Renounce Religion, Depart the Abyss, Bend Space, Banish, Corrupt


You were on level 4 of the Dungeon.
You worshipped Lugonu.
Lugonu was greatly pleased with you.
You visited 1 branch of the dungeon, and saw 4 of its levels.
You visited the Abyss 1 time.

You collected 167 gold pieces.
You spent 50 gold pieces at shops.

Inventory:

Hand Weapons
 a - a +1 falchion (weapon)
 p - a +2 dagger of venom
Armour
 b - a +0 leather armour (worn)
 o - a +0 helmet (worn)
Jewellery
 q - a ring of positive energy
Wands
 v - a wand of flame (9)
 w - a wand of light (6)
Scrolls
 e - a scroll of enchant weapon {unknown}
 f - a scroll of noise {unknown}
 g - 3 scrolls of fear {unknown}
 h - 3 scrolls of identify {unknown}
 j - a scroll of teleportation {unknown}
 m - a scroll of magic mapping {unknown}
 n - 2 scrolls of immolation {unknown}
 s - a scroll of vulnerability {unknown}
 t - a scroll of amnesia {unknown}
 u - a scroll of blinking {unknown}
Potions
 c - 2 potions of curing {unknown}
 d - 2 potions of haste {unknown}
 i - a potion of magic {unknown}
 k - a potion of heal wounds {unknown}
 l - 2 potions of mutation {unknown}
 r - a potion of berserk rage {unknown}


   Skills:
 - Level 3.6 Fighting
 + Level 5.0 Long Blades
 - Level 2.4 Armour
 - Level 1.1 Dodging
 + Level 3.1 Invocations


You had 4 spell levels left.
You didn't know any spells.
Your spell library contained the following spells:

 Spells                   Type           Power      Damage    Failure   Level
 Dazzling Flash           Conj/Hex       0%         N/A       80%         3
 Iskenderun's Mystic Bla  Conj/Tloc      0%         2d3       99%         4
 Starburst                Conj/Fire      0%         6d3       100%        6


Dungeon Overview and Level Annotations

Branches:
Dungeon (4/15) Zot: 20537
 Temple: D:4-7

Altars:

Shops:
D:2 *


Innate Abilities, Weirdness & Mutations

You are amphibious.
You cover ground slowly.
You can hop short distances.
You have an extended range of vision and can be seen from far away.


Message History

Unknown command.
Unknown command.
The centaur shoots an arrow.
The arrow hits you!
The centaur shoots an arrow.
The arrow hits you.
You climb upwards.
There is a stone staircase leading down here.
You take 15 damage, and have 23/41 hp.
MASSIVE DAMAGE!!
Unknown command.
Unknown command.
You start resting.
HP restored.
Health restored: 41
There is a stone staircase leading down here.
You climb downwards.
The ogre shouts!
Found eight items.
There is a stone staircase leading up here.
Aiming: Bolt of Light
Press: ? - help, Shift-Dir - straight line, f - ogre
Aim: an ogre, wielding a +0 giant club (86% to hit)
The bolt of light hits the ogre!
The ogre is moderately wounded.
The ogre is blinded.
Unknown command.
You hit the ogre.
The ogre is heavily wounded.
The ogre hits you with a +0 giant club!!
Ouch! That really hurt!
* * * LOW HITPOINT WARNING * * *
You take 28 damage, and have 13/41 hp.
MASSIVE DAMAGE!!
Unknown command.
You slash the ogre!
The ogre is almost dead.
The ogre barely misses you.
You catch the helpless ogre completely off-guard!
You hit the ogre.
The ogre is almost dead.
The ogre hits you with a +0 giant club!!
Ouch! That really hurt!
You die...

. #########.
##........
##........## ###
#..........##...
#$.....!......#
#...........#
#.?........#
#...).O@<..#
##........##
#........#
#..........#
#..........#
#!.........#
#......?...#
#..[.......#
##...?....##


You could see an ogre (blind).

Vanquished Creatures
  Robin (D:1)
  An adder (D:2)
  2 worms
  2 dart slugs
  2 orcs (D:3)
  6 bats
  6 endoplasms
  3 giant cockroaches
  15 goblins
  6 hobgoblins
  7 jackals
  3 quokkas
  10 ball pythons
  5 frilled lizards
  7 kobolds
  A rat (D:2)
77 creatures vanquished.

Notes
Turn   | Place    | Note
-------+----------+-------------------------------------------
     0 | Abyss:1  | Datul the Barachi Abyssal Knight began the quest for the
                  | Orb.
     0 | Abyss:1  | Reached XP level 1. HP: 18/18 MP: 2/2
     1 | D:1      | Escaped the Abyss
    89 | D:1      | Reached skill level 3 in Long Blades
    92 | D:1      | Reached XP level 2. HP: 19/24 MP: 3/3
   510 | D:1      | Found a faded altar of an unknown god.
   514 | D:1      | Reached XP level 3. HP: 27/29 MP: 4/4
   529 | D:1      | Reached *** piety under Lugonu
   797 | D:1      | Reached skill level 4 in Long Blades
   936 | D:2      | Found Jattol's Assorted Antiques.
   942 | D:2      | Bought a scroll labelled CAENEEPEATE for 25 gold pieces
   942 | D:2      | Bought a scroll labelled XUASIBBU NE BOIC for 25 gold
                  | pieces
   991 | D:2      | Noticed Robin
  1041 | D:1      | Killed Robin
  1042 | D:1      | Reached XP level 4. HP: 19/36 MP: 5/5
  1998 | D:3      | Reached **** piety under Lugonu
  2297 | D:2      | HP: 1/36 [poisoned by an adder]
  2641 | D:3      | Reached XP level 5. HP: 41/41 MP: 7/7
  2845 | D:3      | Reached skill level 5 in Long Blades
  2942 | D:4      | Noticed a centaur
  3102 | D:4      | Noticed an ogre
  3107 | D:4      | Mangled by an ogre

Illustrated notes

Levels and vault maps discovered:
D:1:      dpeg_arrival_houses_and_road, layout_basic,
          hellmonk_ecumenical_altar_lost_god, kennysheep_crisscross
D:2:      layout_basic, serial_shops, nicolae_shop_hallway_stairs,
          uniq_crazy_yiuf_cottage, uniq_robin
D:3:      kennysheep_big_flooded_room, layout_basic
D:4:      layout_rooms, uniq_eustachio

Skill      XL: |  1  2  3  4  5 |
---------------+----------------+-----
Long Blades    | 3 4 5 |  5.0
Invocations    | 2 3 |  3.1
Fighting       | |  3.6
Armour         | |  2.4
Dodging        | |  1.1

Action                   |  1- 3 |  4- 6 || total
-------------------------+-------+-------++-------
Melee: Falchion          |   141 |    88 ||   229
       Punch             |     1 |     2 ||     3
       Dagger            |       |    24 ||    24
Invok: Banish            |       |     1 ||     1
 Abil: Hop               |       |     2 ||     2
Evoke: Wand              |       |     1 ||     1
 Stab: Sleeping          |     3 |     2 ||     5
       Invisible         |       |     1 ||     1
Armor: Leather armour    |    53 |    36 ||    89
Dodge: Dodged            |   100 |    76 ||   176
